 Dungeon Crawl Stone Soup version 0.29.1-12-g30fa7ad0bf (webtiles) character file.

Game seed: 18363681654921914849

102 zeram the Shield-Bearer (level 4, 0/41 HPs)
             Began as a Minotaur Fighter on Dec 13, 2022.
             Slain by a sky beast (5 damage)
             ... on level 4 of the Dungeon.
             The game lasted 00:01:55 (1935 turns).

zeram the Shield-Bearer (Minotaur Fighter)          Turns: 1935, Time: 00:01:55

Health: 0/41       AC:  8    Str: 23    XL:     4   Next: 50%
Magic:  3/3        EV:  9    Int:  5    God:
Gold:   122        SH:  4    Dex:  9    Spells: 3/3 levels left

rFire   . . .      SeeInvis .   a - +1 trident
rCold   . . .      Faith    .   c - +0 buckler
rNeg    . . .      Spirit   .   b - +0 scale mail
rPois   .          Reflect  .   (helmet restricted)
rElec   .          Harm     .   e - +0 cloak
rCorr   .          Rampage  .   (no gloves)
Will    .....                   (no boots)
Stlth   ..........              (no amulet)
HPRegen 0.13/turn               (no ring)
MPRegen 0.08/turn               (no ring)

@: no status effects
A: horns 2, retaliatory headbutt
a: no special abilities


You were on level 4 of the Dungeon.
You visited 1 branch of the dungeon, and saw 4 of its levels.

You collected 122 gold pieces.

Inventory:

Hand Weapons
 a - a +1 trident (weapon)
Armour
 b - a +0 scale mail (worn)
 c - a +0 buckler (worn)
 e - a +0 cloak (worn)
Wands
 i - a wand of paralysis (9)
Scrolls
 f - a scroll of enchant weapon
 k - 3 scrolls of vulnerability
 m - a scroll of identify {unknown}
Potions
 d - a potion of might
 g - 2 potions of heal wounds {unknown}
 h - 2 potions of curing {unknown}
 j - 2 potions of invisibility {unknown}
 l - a potion of magic {unknown}


   Skills:
 + Level 4.4 Fighting
 + Level 3.8 Polearms
 + Level 4.3 Armour
 + Level 0.2 Dodging
 + Level 4.4 Shields


You had 3 spell levels left.
You didn't know any spells.
Your spell library contained the following spells:

 Spells                   Type           Power      Damage    Failure   Level
 Sandblast                Erth           0%         2d4       86%         1
 Passwall                 Tmut/Erth      0%         N/A       95%         2
 Inner Flame              Hex/Fire       0%         N/A       99%         3
 Stone Arrow              Conj/Erth      0%         3d7       99%         3
 Cause Fear               Hex            0%         N/A       100%        4
 Discord                  Hex            0%         N/A       100%        8


Dungeon Overview and Level Annotations

Branches:
Dungeon (4/15)
 Temple: D:4-7

Altars:


Innate Abilities, Weirdness & Mutations

You have a pair of horns on your head.
You reflexively headbutt those who attack you in melee.


Message History

You headbutt the ball python!
You kill the ball python!
You hit something but do no damage.
A sky beast appears from thin air!
Reactivating autopickup.
The sky beast hits you but does no damage.
You hit the sky beast.
The sky beast is heavily wounded.
The sky beast hits you. The sky beast shocks you.
You block the sky beast's attack.
You barely miss the sky beast.
The sky beast is heavily wounded.
The sky beast hits you but does no damage.
You closely miss the sky beast. Your headbutt misses the sky beast.
The sky beast is heavily wounded.
The sky beast barely misses you.
You hit the sky beast but do no damage.
The sky beast is heavily wounded.
The sky beast hits you. The sky beast shocks you.
* * * LOW HITPOINT WARNING * * *
You closely miss the sky beast.
The sky beast is heavily wounded.
You block the sky beast's attack.
You miss the sky beast. Your headbutt misses the sky beast.
The sky beast is heavily wounded.
The sky beast hits you but does no damage.
You puncture the sky beast!
The sky beast is severely wounded.
The sky beast barely misses you.
The sky beast flickers out of sight!
Deactivating autopickup; reactivate with Ctrl-A.
Something hits you.
* * * LOW HITPOINT WARNING * * *
Something shocks you.
* * * LOW HITPOINT WARNING * * *
You miss something. Your headbutt misses something.
Something hits you but does no damage.
Unknown command.
You puncture something! Something hits you.
* * * LOW HITPOINT WARNING * * *
Something shocks you.
You die...

###########
#.........#
#..{......#
#...@.....###
#...†<.<....#
#.........#..
######.####
.# .# $. #.
.#


There were no monsters in sight!

Vanquished Creatures
  An orc priest (D:3)
  An adder (D:3)
  A white imp (D:3)
  2 worms (D:2)
  A dart slug (D:1)
  2 orcs
  4 ball pythons
  3 bats
  4 endoplasms
  3 giant cockroaches
  3 goblins (D:1)
  4 hobgoblins
  4 kobolds
  5 quokkas
  5 rats
43 creatures vanquished.

Notes
Turn   | Place    | Note
-------+----------+-------------------------------------------
     0 | D:1      | zeram the Minotaur Fighter began the quest for the Orb.
     0 | D:1      | Reached XP level 1. HP: 19/19 MP: 0/0
   153 | D:1      | Reached XP level 2. HP: 24/27 MP: 1/1
   728 | D:2      | Reached XP level 3. HP: 33/33 MP: 2/2
   894 | D:2      | Found a faded altar of an unknown god.
  1048 | D:2      | Identified the +6 sling "Cato" {venom, MP+9 Str+2}
  1439 | D:3      | Reached XP level 4. HP: 18/41 MP: 3/3
  1768 | D:3      | Identified the +9 sling "zeram's Regret" {freeze, rPois rF+
                  | Str+8 Int-5}
  1915 | D:4      | Noticed a sky beast
  1935 | D:4      | Slain by a sky beast

Illustrated notes

Levels and vault maps discovered:
D:1:      mrwooster_arrival_statue_2, layout_loops_ring,
          minmay_misc_feat_four_crosses, minivault_5
D:2:      layout_loops_ring, basic_ecumenical_altar, corexii_leaking_fountain,
          st_stairs_9
D:3:      layout_rooms
D:4:      layout_rooms, uniq_natasha, uniq_sigmund, uniq_robin

Skill      XL: |  1  2  3 |
---------------+----------+-----
Shields        | 4 |  4.4
Fighting       | 4 |  4.4
Armour         | 4 |  4.3
Polearms       | 3 |  3.8
Dodging        | |  0.2

Action                   |  1- 3 |  4- 6 || total
-------------------------+-------+-------++-------
Melee: Trident           |    75 |    30 ||   105
       Headbutt          |     8 |     1 ||     9
  Use: Scroll            |     5 |       ||     5
Armor: Scale mail        |    31 |    13 ||    44
Dodge: Dodged            |    16 |    10 ||    26
Block: Buckler           |    10 |     7 ||    17
